 Dungeon Crawl Stone Soup version 0.25-a0-589-g1e14c549ee (webtiles) character file.

Game seed: 752884080253930732, levelgen mode: deterministic

65 KiliKikkendorf the Slasher (level 3, -1/30 HPs)
             Began as a Minotaur Gladiator on Mar 11, 2020.
             Splashed by Ijyb's acid (13 damage)
             ... on level 3 of the Dungeon.
             The game lasted 00:12:01 (1907 turns).

KiliKikkendorf the Slasher (Minotaur Gladiator)     Turns: 1907, Time: 00:12:02

Health: -1/30      AC:  4    Str: 16 (19) XL:     3   Next: 94%
Magic:  11/11      EV:  2    Int:  4 (5)  God:
Gold:   122        SH: 10    Dex:  8 (11) Spells: 2/2 levels left

rFire    . . .     SeeInvis .   a - +1 long sword
rCold    . . .     Gourm    .   h - +0 tower shield
rNeg     . . .     Faith    .   e - +0 chain mail
rPois    .         Spirit   .   c - +0 hat
rElec    .         Reflect  .   (no cloak)
rCorr    .         Harm     .   (no gloves)
MR       .....                  (no boots)
Stlth    ..........             (no amulet)
HPRegen  0.10/turn              i - ring of magical power
MPRegen  0.12/turn              (no ring)

@: corroded
A: retaliatory headbutt, horns 2
a: no special abilities


You were on level 3 of the Dungeon.
You were not hungry.

You visited 1 branch of the dungeon, and saw 3 of its levels.

You collected 122 gold pieces.

Inventory:

Hand Weapons
 a - a +1 long sword (weapon)
Missiles
 d - 2 throwing nets (quivered)
Armour
 c - a +0 hat (worn)
 e - a +0 chain mail (worn)
 h - a +0 tower shield (worn)
Jewellery
 i - a ring of magical power (left hand)
Scrolls
 g - 2 scrolls of remove curse
 j - 2 scrolls of identify
Potions
 b - a potion of curing
 k - a potion of magic
Comestibles
 f - 7 rations


   Skills:
 + Level 2.9 Fighting
 * Level 4.9 Long Blades
 - Level 2.0 Throwing
 * Level 1.8 Armour
 - Level 3.2 Dodging
 * Level 0.1 Shields
 * Level 1.2 Unarmed Combat


You had 2 spell levels left.
You didn't know any spells.
Your spell library was empty.

Dungeon Overview and Level Annotations

Branches:
Dungeon (3/15)

Altars:

Annotations:
D:3 Ijyb


Innate Abilities, Weirdness & Mutations

You reflexively headbutt those who attack you in melee.
You have a pair of horns on your head.


Message History

There is a stone staircase leading up here.
Ijyb the Twisted Goblin comes into view.
She is wielding a +0 club and carrying a wand of acid (9).
Ijyb shouts!
Ijyb zaps a wand.
The bolt of acid hits you! The acid corrodes you!
You are splashed with acid!
There is a stone staircase leading up here.
You climb upwards.
There is a stone staircase leading down here.
You see here a bat corpse.
You start resting.
You are no longer corroded.
You start resting.
HP restored.
You climb downwards.
Level annotation: Ijyb
There is a stone staircase leading up here.
Ijyb zaps a wand.
The bolt of acid hits you!!
Ouch! That really hurt!
The acid corrodes you!
You are splashed with acid!
You die...

#######
#.....#
#.###.#
...#.#
######.#g#
+..@.....#
######.###
#.# #.#
#.# #.#
#.# #..


You could see Ijyb.

Vanquished Creatures
  A gnoll (D:1)
  2 adders (D:2)
  A worm (D:2)
  4 dart slugs
  A leopard gecko (D:1)
  6 goblins
  3 hobgoblins (D:1)
  3 bats
  2 frilled lizards
  2 kobolds (D:2)
  A rat (D:1)
26 creatures vanquished.

Notes
Turn   | Place    | Note
-------+----------+-------------------------------------------
     0 | D:1      | KiliKikkendorf the Minotaur Gladiator began the quest for
                  | the Orb.
     0 | D:1      | Reached XP level 1. HP: 18/18 MP: 0/0
    49 | D:1      | Reached skill level 4 in Long Blades
    49 | D:1      | Reached XP level 2. HP: 25/25 MP: 1/1
   266 | D:1      | Reached skill level 1 in Armour
   903 | D:2      | Reached XP level 3. HP: 28/30 MP: 2/2
   966 | D:2      | Reached skill level 1 in Unarmed Combat
  1258 | D:2      | HP: 1/30 [poisoned by an adder]
  1705 | D:3      | Noticed Ijyb
  1907 | D:3      | Splashed by Ijyb's acid

Levels and vault maps discovered:
D:1:      lightli_molten_gateway, layout_loops_corners
D:2:      layout_loops_cross, first_ration, minmay_pentomino_s4
D:3:      layout_basic, uniq_ijyb, uniq_crazy_yiuf_cottage

Skill      XL: |  1  2  3 |
---------------+----------+-----
Long Blades    | 4 |  4.9
Armour         | 1 |  1.8
Unarmed Combat | 1 |  1.2
Fighting       | |  2.9
Throwing       | |  2.0
Dodging        | |  3.2
Shields        | |  0.1

Action                   || total
-------------------------++-------
Melee: Long sword        ||    75
       Headbutt          ||     9
Throw: Throwing net      ||     1
  Use: Scroll            ||     8
       Potion            ||     5
  Eat: Ration            ||     1
Armor: Leather armour    ||     4
       Ring mail         ||    14
       Chain mail        ||     2
Dodge: Dodged            ||    20
Block: Tower shield      ||    43
       Rpst.: Long sword ||     4

Table legend:
 A = Non-vault XP
 B = Vault XP
 C = Vault XP percentage of total XP
 D = Non-vault monster count
 E = Vault monster count
 F = Vault count percentage of total count
                 A         B        C        D         E       F
            +---------+---------+-------+---------+---------+-------
      Total |      88 |       6 |   6.4 |      23 |       3 |  11.5
            +---------+---------+-------+---------+---------+-------
        D:1 |      39 |       0 |   0.0 |      12 |       0 |   0.0
        D:2 |      49 |       6 |  10.9 |      11 |       3 |  21.4
            +---------+---------+-------+---------+---------+-------
